 Dungeon Crawl Stone Soup version 0.27-a0-1579-g97d2440184 (webtiles) character file.

Game seed: 6342755307485808877

4730 Sobieck the Arsonist (level 10, -2/61 HPs)
             Began as an Octopode Fire Elementalist on July 17, 2021.
             Was a Believer of Sif Muna.
             Slain by an orc warrior (21 damage)
             ... on level 9 of the Dungeon.
             The game lasted 00:30:30 (14528 turns).

Sobieck the Arsonist (Octopode Fire Elementalist)  Turns: 14528, Time: 00:30:31

Health: -2/61      AC:  1    Str:  7    XL:     10   Next: 46%
Magic:  19/29      EV: 15    Int: 20    God:    Sif Muna [**....]
Gold:   106        SH:  5    Dex: 14    Spells: 10/23 levels left

rFire    + + .     SeeInvis +   R - +6 whip "Sicaen" {drain, SInv, mace}
rCold    . . .     Faith    .   (no shield)
rNeg     . . .     Spirit   .   (helmet restricted)
rPois    .         Reflect  +   x - amulet of reflection
rElec    .         Harm     .   i - ring of protection from fire
rCorr    .         Rampage  .   p - ring of flight
Will     .....                  e - ring of protection from fire
Stlth    +++++.....             Q - ring of magical power
HPRegen  0.20/turn              (no ring)
MPRegen  0.21/turn              (no ring)
                                (no ring)
                                (no ring)

@: flying, very slightly contaminated
A: almost no armour, amphibious, 8 rings, camouflage 1, gelatinous body 1,
(nimble swimmer 1), tentacles
a: Renounce Religion, Channel Magic


You were on level 9 of the Dungeon.
You worshipped Sif Muna.
Sif Muna was pleased with you.
You visited 1 branch of the dungeon, and saw 9 of its levels.
You also visited: Ossuary.

You collected 470 gold pieces.
You spent 364 gold pieces at shops.


Innate Abilities, Weirdness & Mutations

You cannot wear most types of armour.
You are amphibious.
You can wear up to eight rings at the same time.
Your skin changes colour to match your surroundings (Stealth+).
Your rubbery body absorbs attacks. (AC +1, EV +1)
((You are camouflaged near water. (Stealth+)))
You have tentacles for arms and can constrict up to eight enemies at once.


   Skills:
 + Level 2.3 Fighting
 + Level 5.1 Dodging
 + Level 7.2 Stealth
 + Level 7.1 Spellcasting
 + Level 7.1 Conjurations
 + Level 8.1 Fire Magic
 + Level 3.3 Invocations


You had 10 spell levels left.
You knew the following spells:

 Your Spells              Type           Power      Damage    Failure   Level
a - Foxfire               Conj/Fire      100%       2x1d9     1%          1
b - Conjure Flame         Conj/Fire      37%        6-21      1%          3
c - Sticky Flame          Conj/Fire      37%        2d6       4%          4
d - Fireball              Conj/Fire      18%        3d9       11%         5

Your spell library contained the following spells:

 Spells                   Type           Power      Damage    Failure   Level
 Inner Flame              Hex/Fire       23%        N/A       5%          3
 Ignite Poison            Fire/Tmut/Pois 17%        N/A       10%         3
 Mephitic Cloud           Conj/Pois/Air  16%        N/A       11%         3
 Blink                    Tloc           N/A        N/A       14%         2
 Gell's Gravitas          Tloc           3%         N/A       28%         3
 Teleport Other           Tloc           7%         N/A       28%         3
 Bolt of Magma            Conj/Fire/Erth 13%        4d8       32%         5
 Manifold Assault         Tloc           7%         N/A       95%         5
 Dispersal                Tloc           3%         N/A       100%        6
 Storm Form               Tmut/Air       3%         N/A       100%        7

Inventory:

Hand Weapons
 a - a +0 whip {mace}
   (You took it off a kobold on level 1 of the Dungeon)
 b - a +0 hunting sling {sling}
   (You found it on level 1 of the Dungeon)
 d - a +1 dagger {short}
   (You took it off a goblin on level 1 of the Dungeon)
 s - a +0 falchion of holy wrath {long}
   (You took it off Terence on level 3 of the Dungeon)
 z - a +0 whip {mace}
   (You found it on level 1 of the Dungeon)
 K - a +0 long sword {long}
   (You took it off an orc priest on level 7 of the Dungeon)
 N - a +2 rapier of draining {short}
   (You found it on level 4 of the Dungeon)
 O - a +0 whip of freezing {mace}
   (You took it off an orc on level 6 of the Dungeon)
 P - a +0 mace of protection {mace}
   (You took it off an orc on level 7 of the Dungeon)
 R - the +6 whip "Sicaen" (weapon) {drain, SInv, mace}
   (You found it on level 7 of the Dungeon)

   A truly terrible weapon, it drains the life of any living foe it strikes.
   SInv:      It lets you see invisible.
Missiles
 f - 24 bolts
 g - 201 stones {throwing}
 h - 9 sling bullets
 j - 3 curare-tipped darts {=fthrowing}
 r - 34 poisoned darts {throwing}
 w - 145 arrows
 T - 2 boomerangs {throwing}
Magical Staves
 L - a staff of death {!astaff}
   (You took it off an orc wizard on level 7 of the Dungeon)
Jewellery
 e - a ring of protection from fire (on tentacle)
   (You took it off a hobgoblin on level 4 of the Dungeon)
 i - a ring of protection from fire (left tentacle)
   (You found it on level 1 of the Dungeon)
 p - a ring of flight (right tentacle)
   (You found it on level 3 of the Dungeon)
 x - an amulet of reflection (around mantle)
   (You found it on level 5 of the Dungeon)
 Q - a ring of magical power (on tentacle)
   (You found it on level 7 of the Dungeon)
 S - an amulet of regeneration {@e2}
   (You took it off a centaur on level 8 of the Dungeon)
Wands
 H - a wand of iceblast (6)
   (You found it on level 7 of the Dungeon)
 J - a wand of paralysis (10)
   (You found it on level 7 of the Dungeon)
 U - a wand of charming (10)
   (You found it on level 9 of the Dungeon)
Scrolls
 k - a scroll of amnesia
 q - a scroll of silence {!r}
 u - 2 scrolls of blinking {!r}
 y - a scroll of noise {unknown}
 A - 2 scrolls of fear {unknown}
 B - 5 scrolls of teleportation {@r4}
 D - a scroll of magic mapping {unknown}
 F - a scroll of enchant weapon
 G - 2 scrolls of vulnerability {!r!r}
 M - 4 scrolls of identify {@r1}
Potions
 c - a potion of ambrosia
 l - 3 potions of lignification {!q}
 m - 2 potions of might
 n - 5 potions of mutation {!q}
 o - 2 potions of flight
 t - 2 potions of degeneration {!q@e2}
 v - 3 potions of curing {@q1}
 C - 2 potions of invisibility {unknown}
 E - a potion of haste {@q3}
 I - a potion of cancellation {unknown}

Dungeon Overview and Level Annotations

Branches:
Dungeon (9/15)             Temple (0/1) D:6         Ossuary (visited)
   Lair: D:8-11         Orc: D:9-12

Altars:
Cheibriados
Dithmenos
Sif Muna
Trog
Uskayaw
Wu Jian
Xom
The Shining One

Shops:
D:4 !:?(

Annotations:
D:1 exclusion: downstairs
D:3 2 transporters
D:4 3 runed translucent doors, DocClef's ghost, amateur GnDe
D:9 Harold

. #######....
#.o@.)...# #.#####.##
#.# # ##.#
#####.##.#####.
######......o.......#
#................##.#
#.#.##.###.o..#..#
##.#.##.###o#.##.....


You could see an orc warrior.


Message History

The mark upon you grows brighter.
Harold throws a throwing net.
The throwing net misses you.
Things that are here:
a throwing net {=f!fthrowing}; a +0 ring mail; a +0 mace {mace} 😮 MP[+1] Harold fires a harpoon shot at you.
The harpoon shot misses you.
There is a stone staircase leading up here.
The orc priest looks satisfied for a moment.
You fly upwards.
There is a stone staircase leading down here. 😮 HP[+1] Unknown command.
Things that are here:
a +0 ring mail; a +0 flail {mace} You see here a +0 tower shield.
There is a stone staircase leading down here. 😮 HP[+12] MP[+9]
You regained 12 hp, and now have 45/61 hp.
Your mp is fully restored (29).
You start resting.
The sentinel's mark upon you fades away. 😎 HP[+16]
Your hp is fully restored (61).
You fly downwards.
Level annotation: Harold
There is a stone staircase leading up here.
Unknown command.
This spell is quite dangerous to cast!
Memorise Fireball, consuming 5 spell levels and leaving 10?
You start memorising the spell.
You continue memorising. x5
You finish memorising.
Spell assigned to 'd'.
An orc warrior comes into view.
It is wielding a +0 war axe and wearing a +2 plate armour of cold resistance.
The orc warrior shouts!
You conjure some foxfire! 😎 MP[-1]
You lost 1 mp, and now have 28/29 mp.
You conjure some foxfire!
The foxfire hits the orc warrior!
The foxfire hits the orc warrior but does no damage. 😎 MP[-1]
You lost 1 mp, and now have 27/29 mp.
You conjure some foxfire!
The foxfire hits the orc warrior but does no damage. x2 😎 MP[-1]
You lost 1 mp, and now have 26/29 mp.
You conjure some foxfire!
The foxfire hits the orc warrior but does no damage. x2
The orc priest mumbles some strange prayers to Beogh against you.
Beogh smites you!
The foxfire hits the orc warrior. 😕 HP[-13] MP[-1]
You take 13 damage, and now have 48/61 hp.
MASSIVE DAMAGE!! (PAUSE)
You lost 1 mp, and now have 25/29 mp.
Casting: Foxfire (safe; 1% risk of failure)
Confirm with . or Enter, or press ? or * to list all spells.
Aiming: Sticky Flame (dangerous; 4% risk of failure)
Press: ? - help, Shift-Dir - straight line, f - orc warrior
Aim: an orc warrior, wielding a +0 war axe and wearing a +2 plate armour of cold resistance (moderately wounded, ally target, 100% to hit)
You miscast Sticky Flame.
You are very lightly contaminated with residual magic.
Nothing appears to happen.
The foxfire hits the orc warrior but does no damage.
The orc priest mumbles some strange prayers to Beogh against you.
Beogh smites you! 😮 HP[-10] MP[-3]
You take 10 damage, and now have 38/61 hp.
You lost 3 mp, and now have 22/29 mp.
Casting: Sticky Flame (dangerous; 4% risk of failure)
Confirm with . or Enter, or press ? or * to list all spells.
Aiming: Sticky Flame (dangerous; 4% risk of failure)
Press: ? - help, Shift-Dir - straight line, f/p - orc warrior
Aim: an orc warrior, wielding a +0 war axe and wearing a +2 plate armour of cold resistance (moderately wounded, 100% to hit)
The sticky flame hits the orc warrior but does no damage.
The orc warrior is covered in liquid flames!
The orc warrior burns!
The orc warrior hits you with a +0 war axe. 😮 HP[-6] MP[-4]
You take 6 damage, and now have 32/61 hp.
You lost 4 mp, and now have 18/29 mp.
Unknown command.
The orc warrior burns!
The orc priest mumbles some strange prayers to Beogh against you.
Beogh smites you!
* * * LOW HITPOINT WARNING * * *
😨 HP[-11]
You take 11 damage, and now have 21/61 hp.
The orc warrior burns!
The orc priest mumbles some strange prayers to Beogh against you.
Pain shoots through your body!
* * * LOW HITPOINT WARNING * * *
😨 HP[-3]
You take 3 damage, and now have 18/61 hp.
The orc warrior burns!
The orc priest looks encouraged for a moment.
Unknown command.
The orc warrior burns!
The orc warrior stops burning. 😨 HP[+1] MP[+1]
There is a stone staircase leading up here.
The orc warrior hits you with a +0 war axe!!
You die...

Skill      XL: |  1  2  3  4  5  6  7  8  9 10 |
---------------+-------------------------------+-----
Stealth        | 3 4 5 6 7 |  7.2
Fighting       | 1 2 |  2.3
Conjurations   | 2 3 5 6 7 |  7.1
Spellcasting   | 3 4 6 7 |  7.1
Dodging        | 3 4 5 |  5.1
Fire Magic     | 4 5 7 8 |  8.1
Invocations    | 2 3 |  3.3

Action                   |  1- 3 |  4- 6 |  7- 9 | 10-12 || total
-------------------------+-------+-------+-------+-------++-------
Melee: Unarmed           |    10 |       |       |       ||    10
       Constrict         |     5 |     9 |     9 |     7 ||    30
       Tentacles         |     3 |     4 |     8 |     1 ||    16
       Dagger            |     5 |     6 |       |       ||    11
       Falchion          |       |     9 |    13 |       ||    22
       Long sword        |       |       |     8 |       ||     8
       Whip              |       |       |     2 |    14 ||    16
 Cast: Foxfire           |    69 |   123 |   372 |   148 ||   712
       Sticky Flame      |       |       |     4 |     5 ||     9
  Use: Scroll            |     4 |     6 |     6 |       ||    16
       Potion            |       |     1 |       |       ||     1
 Stab: Sleeping          |     2 |       |     2 |       ||     4
       Distracted        |       |       |     1 |       ||     1
Armor: Skin              |     2 |     2 |     3 |       ||     7
Dodge: Dodged            |    28 |    26 |    64 |    25 ||   143
Block: Other             |       |       |    19 |     2 ||    21
       Rpst.: Falchion   |       |     5 |    21 |       ||    26
       Long sword        |       |       |     3 |       ||     3

Levels and vault maps discovered:
D:1:      minmay_arrival_widening_spiral_wide, layout_loops_ring,
          minmay_tiny_reverse_x
D:2:      layout_rooms, shapermc_ecumenical_altar_acropolis,
          minmay_misc_feat_rows, kennysheep_doodads, kennysheep_pointless_box
D:3:      gammafunk_steamed_eel, layout_rooms, hangedman_decor_clover_reticule,
          corexii_shack, kennysheep_generic_room_15, uniq_terence, uniq_robin,
          uniq_crazy_yiuf_cottage, uniq_natasha
D:4:      layout_basic, gammafunk_ghost_nasty_kobolds, minmay_shop_grid_forest,
          minmay_fractal_squares_diagonal_5
D:5:      layout_basic, grunt_dithmenos_smoke_and_mirrors,
          amethyst_overflow_temple_binary, minmay_between
D:6:      layout_cave_pods, minmay_temple_entry_waves
D:7:      layout_loops_cross, tgw_trog, xom_redecorated,
          nicolae_ossuary_entry_ruins
D:8:      layout_loops_ring, chequers_temple_overflow_statue_of_worship,
          minmay_crossroads
D:9:      layout_loops_ring, gammafunk_temple_overflow_pools, erik_orc_3,
          uniq_harold

Notes
Turn   | Place    | Note
-------+----------+-------------------------------------------
     0 | D:1      | Sobieck the Octopode Fire Elementalist began the quest for
                  | the Orb.
     0 | D:1      | Reached XP level 1. HP: 11/11 MP: 3/3
     0 | D:1      | magus.rc [v1.9.6]
   269 | D:1      | magus.rc [v1.9.6]
   332 | D:1      | Reached XP level 2. HP: 14/18 MP: 1/5
   603 | D:1      | Reached skill level 3 in Stealth
   665 | D:1      | You fall into a shaft and drop 1 floor!
   791 | D:2      | Reached XP level 3. HP: 22/22 MP: 3/6
  1058 | D:1      | Reached skill level 1 in Fighting
  1873 | D:3      | Found a transporter.
  2094 | D:2      | Found a faded altar of an unknown god.
  2104 | D:2      | Reached XP level 4. HP: 23/28 MP: 2/7
  2247 | D:2      | Reached skill level 2 in Conjurations
  2939 | D:3      | Reached XP level 5. HP: 33/33 MP: 2/8
  3148 | D:3      | You add the spells Gell's Gravitas, Teleport Other and
                  | Dispersal to your library.
  3185 | D:3      | Found a transporter.
  3297 | D:3      | Noticed Terence
  3307 | D:3      | Killed Terence
  3331 | D:3      | Noticed Robin
  3563 | D:3      | Killed Robin
  3801 | D:3      | Found a runed translucent door.
  3802 | D:3      | Noticed Crazy Yiuf
  3820 | D:3      | Killed Crazy Yiuf
  3821 | D:3      | Reached skill level 4 in Stealth
  3969 | D:3      | Noticed Natasha
  3974 | D:3      | Killed Natasha
  3975 | D:3      | Reached skill level 2 in Fighting
  3975 | D:3      | Reached XP level 6. HP: 39/39 MP: 4/10
  4188 | D:4      | Reached skill level 3 in Spellcasting
  4340 | D:4      | Learned a level 3 spell: Conjure Flame
  4510 | D:4      | Reached skill level 3 in Dodging
  4672 | D:4      | Found a runed translucent gate.
  4688 | D:4      | Reached skill level 4 in Fire Magic
  4708 | D:4      | HP: 9/39 [adder (2)]
  4714 | D:4      | HP: 5/39 [adder (5)]
  5006 | D:4      | Found a runed translucent gate.
  5006 | D:4      | Found a runed translucent gate.
  5008 | D:4      | Noticed DocClef's ghost (amateur GnDe)
  5015 | D:4      | Reached skill level 3 in Conjurations
  5029 | D:4      | Reached skill level 5 in Stealth
  5029 | D:4      | Reached XP level 7. HP: 41/45 MP: 0/12
  5528 | D:4      | Found Ceg Hiru's Book Shop.
  5532 | D:4      | Found Ohearr's Distillery.
  5533 | D:4      | Found Ustoeh's Weapon Shop.
  5533 | D:4      | Found Zantuthri's Magic Scroll Shop.
  6204 | D:5      | Entered Level 5 of the Dungeon
  6313 | D:5      | You add the spells Blink, Manifold Assault and Storm Form
                  | to your library.
  6338 | D:5      | Reached skill level 4 in Dodging
  6478 | D:5      | Reached skill level 6 in Stealth
  6478 | D:5      | Reached skill level 4 in Spellcasting
  6478 | D:5      | Reached XP level 8. HP: 46/50 MP: 6/14
  6592 | D:5      | Found an ornate altar of the Wu Jian Council.
  6601 | D:5      | Found a shimmering blue altar of Sif Muna.
  6604 | D:5      | Became a worshipper of Sif Muna the Loreminder
  6755 | D:5      | Reached skill level 4 in Conjurations
  6912 | D:5      | Reached skill level 5 in Fire Magic
  6912 | D:5      | Reached skill level 1 in Invocations
  7281 | D:5      | Found a shadowy altar of Dithmenos.
  7730 | D:6      | Learned a level 4 spell: Sticky Flame
  7969 | D:6      | Found a staircase to the Ecumenical Temple.
  7974 | D:6      | Noticed a yak
  7987 | D:6      | Noticed a yak
  7992 | D:6      | Noticed a yak
  7994 | D:6      | Killed a yak
  7995 | D:6      | Reached skill level 7 in Stealth
  7995 | D:6      | Reached skill level 2 in Invocations
  8254 | D:6      | Killed a yak
  8255 | D:6      | Reached skill level 5 in Dodging
  8255 | D:6      | Reached skill level 5 in Conjurations
  8255 | D:6      | Reached XP level 9. HP: 54/54 MP: 6/16
  8265 | D:6      | Reached skill level 3 in Invocations
  8370 | D:6      | Reached skill level 5 in Spellcasting
  8532 | D:6      | Reached skill level 6 in Fire Magic
  9231 | D:7      | Found a sand-covered staircase.
  9240 | Ossuary  | Entered an ossuary
  9672 | D:7      | Reached * piety under Sif Muna
  9961 | D:7      | Reached skill level 6 in Conjurations
 10202 | D:4      | Bought a Trismegistus Codex for 364 gold pieces
 10202 | D:4      | You add the spells Ignite Poison, Mephitic Cloud and Bolt
                  | of Magma to your library.
 10286 | D:7      | Found a shimmering altar of Xom.
 10286 | D:7      | Found a shimmering altar of Xom.
 10287 | D:7      | Found a shimmering altar of Xom.
 10287 | D:7      | Found a shimmering altar of Xom.
 10288 | D:7      | Found a shimmering altar of Xom.
 10290 | D:7      | Found a shimmering altar of Xom.
 10710 | D:7      | Reached skill level 6 in Spellcasting
 10813 | D:7      | Noticed a moth of wrath
 10816 | D:7      | Found a bloodstained altar of Trog.
 10854 | D:7      | Identified the +6 whip "Sicaen" {drain, SInv}
 11326 | D:7      | Reached skill level 7 in Fire Magic
 11329 | D:7      | HP: 11/54 [orc warrior (11)]
 11878 | D:8      | HP: 10/54 [wyvern (18)]
 11882 | D:8      | Reached XP level 10. HP: 11/60 MP: 19/19
 12255 | D:8      | Reached skill level 7 in Conjurations
 12825 | D:8      | Found a glowing golden altar of the Shining One.
 12825 | D:8      | Found a snail-covered altar of Cheibriados.
 12826 | D:8      | Found a hide-covered altar of Uskayaw.
 13283 | D:9      | Reached ** piety under Sif Muna
 13284 | D:9      | Reached skill level 8 in Fire Magic
 13286 | D:9      | Reached skill level 7 in Spellcasting
 13880 | D:9      | Noticed a gargoyle
 13891 | D:9      | HP: 1/60 [gargoyle/stone arrow (18)]
 13892 | D:9      | Killed a gargoyle
 14339 | D:9      | Noticed Harold
 14509 | D:9      | Learned a level 5 spell: Fireball
 14528 | D:9      | Slain by an orc warrior

Vanquished Creatures
  A gargoyle (D:9)
  A wyvern (D:8)
  3 yaks (D:6)
  3 orc warriors
  2 black bears
  5 ogres
  2 necrophages
  7 centaurs
  2 phantoms (D:5)
  A kobold brigand (D:9)
  A bullfrog (D:8)
  4 scorpions
  A wyvern zombie (D:6)
  2 wyvern skeletons
  2 howler monkeys (D:7)
  6 centaur zombies
  2 jellies
  5 hounds
  Crazy Yiuf (D:3)
  3 bullfrog skeletons
  8 orc priests
  A gnoll shaman (D:4)
  A centaur skeleton (D:7)
  An iguana (D:5)
  Terence (D:3)
  Natasha (D:3)
  8 orc wizards
  6 mummies (Ossuary)
  2 howler monkey zombies
  Robin (D:3)
  3 gnolls (D:4)
  8 adders
  A white imp (D:6)
  3 ufetubi
  2 adder skeletons (D:4)
  5 worms
  3 dart slugs
  34 orcs
  8 bats
  4 endoplasms
  5 giant cockroaches
  14 goblins
  22 hobgoblins
  A quokka (D:5)
  5 ball pythons
  2 frilled lizards
  3 hobgoblin zombies (Ossuary)
  20 kobolds
  6 rats
233 creatures vanquished.

Vanquished Creatures (collateral kills)
  3 foxfires (D:2)
3 creatures vanquished.

Vanquished Creatures (others)
  1200 foxfires
  2 fungi (D:2)
  2 plants
1204 creatures vanquished.

Grand Total: 1440 creatures vanquished

Table legend:
 A = Non-vault XP
 B = Vault XP
 C = Vault XP percentage of total XP
 D = Non-vault monster count
 E = Vault monster count
 F = Vault count percentage of total count
                 A         B        C        D         E       F
            +---------+---------+-------+---------+---------+-------
      Total |    5545 |    1213 |  17.9 |     171 |      62 |  26.6
            +---------+---------+-------+---------+---------+-------
        D:1 |      55 |       3 |   5.2 |      29 |       2 |   6.5
        D:2 |      48 |       0 |   0.0 |      18 |       0 |   0.0
        D:3 |      73 |     149 |  67.1 |      12 |      17 |  58.6
        D:4 |     554 |      67 |  10.8 |      27 |       9 |  25.0
        D:5 |     503 |     243 |  32.6 |      10 |       5 |  33.3
        D:6 |    1353 |       0 |   0.0 |      21 |       0 |   0.0
        D:7 |    1135 |       9 |   0.8 |      25 |       5 |  16.7
        D:8 |     890 |     125 |  12.3 |      14 |       3 |  17.6
        D:9 |     934 |     318 |  25.4 |      15 |       8 |  34.8
    Ossuary |       0 |     299 | 100.0 |       0 |      13 | 100.0
            +---------+---------+-------+---------+---------+-------

Illustrated notes

Table legend:
 A = Kills in this place as a percentage of kills in entire the game.
 B = Kills by you in this place as a percentage of kills by you in the entire game.
 C = Kills by friends in this place as a percentage of kills by friends in the entire game.
 D = Other kills in this place as a percentage of other kills in the entire game.
 E = Experience gained in this place as a percentage of experience gained in the entire game.
 F = Experience gained in this place divided by the number of levels of this place that you have seen.
                   A       B       C       D       E      F
               +-------+-------+-------+-------+-------+----------------------
         Total | 100.0 | 100.0 |   N/A |   N/A | 100.0 | 675.8
       Dungeon |  94.4 |  94.4 |   N/A |   N/A |  95.6 | 717.7
       Ossuary |   5.6 |   5.6 |   N/A |   N/A |   4.4 | 299.0
               +-------+-------+-------+-------+-------+----------------------

Table legend: (Time is in decaauts)
 A = Elapsed time spent in this place.
 B = Non-inter-level travel time spent in this place.
 C = Inter-level travel time spent in this place.
 D = Time resting spent in this place.
 E = Time spent auto-exploring this place.
 F = Levels seen in this place.
 G = Mean time per level.
                   A        B        C        D        E       F      G
               +--------+--------+--------+--------+--------+-----+--------+
         Total |  14529 |  13838 |    691 |   5667 |   5974 |  10 | 1452.9 |
       Dungeon |  14128 |  13437 |    691 |   5367 |   5974 |   9 | 1569.8 |
       Ossuary |    400 |    400 |      0 |    300 |      0 |   1 |  400.0 |
               +--------+--------+--------+--------+--------+-----+--------+

Top non-repeatable levels by time:
     D:3: 1845 daAuts
     D:6: 1798 daAuts
     D:4: 1771 daAuts
     D:8: 1746 daAuts
     D:7: 1687 daAuts
     D:5: 1641 daAuts
     D:1: 1565 daAuts
     D:9: 1037 daAuts
     D:2: 1035 daAuts
 Ossuary: 400 daAuts
